 Dungeon Crawl Stone Soup version 0.21-a0-404-g291f19a (webtiles) character file.

3114 drevant the Summoner (level 9, -6/66 HPs)
             Began as a Gnoll Summoner on Oct 30, 2017.
             Was an Elder of Okawaru.
             Hit by a javelin of returning thrown by a centaur (18 damage)
             ... in a bailey.
             The game lasted 00:27:52 (11179 turns).

drevant the Summoner (Gnoll Summoner)              Turns: 11179, Time: 00:27:53

Health: -6/66      AC:  4    Str: 12    XL:     9   Next: 91%
Magic:  3/19       EV: 16    Int: 23    God:    Okawaru [****..]
Gold:   255        SH:  0    Dex: 15    Spells: 11/21 levels left

rFire    + . .     SeeInvis .   r - +0 great sword of Etyag {holy, rF+ Int+3}
rCold    . . .     Gourm    .   (shield currently unavailable)
rNeg     . . .     Faith    .   a - +0 robe
rPois    .         Spirit   .   I - +1 hat
rElec    .         Reflect  .   (no cloak)
rCorr    .         Harm     .   K - +0 pair of gloves (curse)
MR       .....                  (no boots)
Stlth    +++.......             (no amulet)
HPRegen  0.21/turn              (no ring)
MPRegen  0.16/turn              (no ring)

@: no status effects
A: distributed training, fangs 1, strong nose
a: Heroism, Renounce Religion


You were in a bailey.
You worshipped Okawaru.
Okawaru was greatly pleased with you.
You were not hungry.

You visited 1 branch of the dungeon, and saw 7 of its levels.
You also visited: Sewer and Bailey.

You collected 481 gold pieces.
You spent 226 gold pieces at shops.

Inventory:

Hand Weapons
 h - a +0 mace
 n - a +3 falchion
 r - the +0 great sword of Etyag (weapon) {holy, rF+ Int+3}
   (You found it on level 4 of the Dungeon)

   It has been blessed by the Shining One to cause great damage to the undead
   and demons.
   It affects your intelligence (+3).
   It protects you from fire.
 L - a cursed -3 spear
Missiles
 j - 4 javelins of returning (quivered)
Armour
 a - a +0 robe (worn)
 x - a +1 ring mail
 G - a +0 helmet
 I - a +1 hat (worn)
 K - a cursed +0 pair of gloves (worn)
Jewellery
 y - an uncursed ring of flight {unknown}
 A - an uncursed amulet of guardian spirit {unknown}
 F - a cursed -4 ring of evasion {unknown}
Wands
 D - a wand of enslavement (9/24)
Scrolls
 e - a scroll of recharging
 f - 4 scrolls of amnesia
 k - 2 scrolls of fog
 l - 2 scrolls of fear
 p - a scroll of enchant weapon {unknown}
 q - 3 scrolls of immolation {unknown}
 s - 2 scrolls of enchant armour
 u - 2 scrolls of remove curse
 z - a scroll of blinking {unknown}
 B - 2 scrolls of random uselessness
 J - a scroll of teleportation
 M - a scroll of summoning
Potions
 d - 2 potions of lignification
 g - 4 potions of flight
 i - a potion of ambrosia {unknown}
 o - 4 potions of curing
 C - a potion of heal wounds {unknown}
 H - a potion of mutation {unknown}
Books
 b - a book of Callings

   Spells                             Type                      Level
   a - Summon Small Mammal            Summoning                    1
   b - Call Imp                       Summoning                    2
   c - Call Canine Familiar           Summoning                    3
   d - Summon Guardian Golem          Hexes/Summoning              3
   e - Summon Lightning Spire         Summoning/Air                4
   f - Summon Ice Beast               Ice/Summoning                4
 w - a book of Misfortune

   Spells                             Type                      Level
   a - Confusing Touch                Hexes                        1
   b - Confuse                        Hexes                        3
   c - Gell's Gravitas                Translocation                3
   d - Petrify                        Transmutation/Earth          4
   e - Metabolic Englaciation         Hexes/Ice                    5
   f - Yara's Violent Unravelling     Hexes/Transmutation          5
Comestibles
 c - 5 bread rations
 m - 4 royal jellies
 t - 6 fruits
 E - a meat ration


   Skills:
 + Level 4.6 Fighting
 + Level 4.6 Short Blades
 + Level 4.6 Long Blades
 + Level 4.6 Axes
 + Level 4.6 Maces & Flails
 + Level 4.6 Polearms
 + Level 4.6 Staves
 + Level 4.6 Slings
 + Level 4.6 Bows
 + Level 4.6 Crossbows
 + Level 4.6 Throwing
 + Level 4.6 Armour
 + Level 6.6 Dodging
 + Level 6.3 Stealth
 + Level 4.6 Shields
 + Level 4.6 Unarmed Combat
 + Level 6.9 Spellcasting
 + Level 3.8 Conjurations
 + Level 3.8 Hexes
 + Level 3.8 Charms
 + Level 8.1 Summonings
 + Level 3.8 Necromancy
 + Level 3.8 Translocations
 + Level 3.8 Transmutations
 + Level 3.8 Fire Magic
 + Level 3.8 Ice Magic
 + Level 3.8 Air Magic
 + Level 3.8 Earth Magic
 + Level 3.8 Poison Magic
 + Level 5.1 Invocations
 + Level 4.6 Evocations


You had 11 spell levels left.
You knew the following spells:

 Your Spells              Type           Power        Failure   Level  Hunger
a - Summon Small Mammal   Summ           ####         1%          1    None
b - Call Imp              Summ           #####...     1%          2    None
c - Call Canine Familiar  Summ           #####...     1%          3    None
d - Summon Ice Beast      Ice/Summ       #####...     6%          4    ###....


Dungeon Overview and Level Annotations

Branches:
Dungeon (7/15)             Temple (0/1) D:5

Altars:
Gozag
Kikubaaqudgha
Makhleb
Okawaru
Qazlal
Vehumet
Xom
Yredelemnul

Shops:
D:4 %   D:5 :%?(   D:7 ?


Innate Abilities, Weirdness & Mutations

Your experience applies equally to all skills.
You have very sharp teeth.
Your uncanny sense of smell can sniff out nearby items.


Message History

The weapon returns to the centaur!
Something hits your ice beast.
You see here 26 sling bullets.
The centaur throws a javelin of returning.
The javelin of returning closely misses you.
Something hits your ice beast.
You see here a javelin of returning.
What are your orders? t - Bark!
Orders for allies: a - Attack new target. r - Retreat! s - Stop attacking. g - Guard the area. f - Follow me.
Anything else - Cancel.
Gang up on whom?
Press: ? - help, Dir - move target cursor, f - centaur
Aim: a centaur, wielding a halberd and wearing a chain mail Attack!
The centaur throws a javelin of returning.
The javelin of returning barely misses your hound.
The javelin of returning hits you!!
You die...

≈.)≈≈≈≈≈≈≈..≈≈≈≈≈≈≈#.......⌠#####
.≈≈≈.....≈≈≈).≈≈≈≈≈#....#####....
≈≈.........≈≈≈.≈≈≈≈#...##....≈≈≈≈
.............≈.≈≈≈≈#...#.⌠.≈≈≈...
.⌠........c⌠.≈≈)≈≈≈#.).#..≈≈..≈≈≈
......c..c.h..≈.≈≈≈#..⌠#.≈≈.≈≈≈.)
...≈≈≈≈≈≈≈....≈≈.≈≈#..##.≈.≈≈..≈≈
.≈≈≈≈≈≈≈≈≈Y≈...#####..#.≈≈.≈.≈≈≈.
≈≈≈≈≈≈≈≈≈≈≈≈≈.((@..'..#.≈)≈≈.≈..⌠
≈≈≈≈≈?)=≈≈≈≈≈....).'..#)≈....≈..∩
≈≈≈≈≈≈≈≈≈)≈≈≈....).)..#.≈.≈≈.≈..⌠
.≈≈≈≈≈≈≈≈≈≈≈.(.#####).#.≈≈.≈.≈≈≈.
...≈≈≈≈≈≈≈....≈≈)≈≈#..##.≈.≈≈..≈≈
...........≈)≈≈≈#..⌠#.≈≈.≈≈≈..
.......⌠.≈≈.≈≈≈#..)#..≈≈..≈≈≈
.........≈.≈≈≈≈#...#.⌠.≈≈≈...
.......≈≈≈.≈≈≈≈#...##....≈≈≈≈


You could see 2 centaurs, a friendly ice beast and a friendly hound.

Vanquished Creatures
  The ghost of Xiguana the Magician, a novice GnSk of Vehumet (Bailey)
  Pikel (D:6)
  2 orc warriors (Bailey)
  An ogre (D:5)
  2 centaurs
  A crimson imp (D:5)
  A quasit (D:7)
  A hound (D:4)
  2 jellies (D:5)
  3 orc priests
  A centaur skeleton (D:7)
  4 orc wizards
  An iguana (D:7)
  A bullfrog skeleton (D:7)
  A worker ant (D:5)
  Natasha (D:4)
  2 gnolls (D:7)
  5 adders
  A shadow imp (D:6)
  An ooze (D:1)
  3 worms
  2 dart slugs
  A leopard gecko (D:1)
  25 orcs
  2 ball pythons (D:4)
  10 bats
  2 giant cockroaches
  8 goblins
  5 hobgoblins
  9 jackals
  2 quokkas (D:3)
  3 frilled lizards
  7 kobolds
  A quokka skeleton (D:6)
  14 rats
127 creatures vanquished.

Vanquished Creatures (collateral kills)
  8 orc warriors
  An ice beast (D:7)
  5 centaurs (Bailey)
  2 ogres
  A big kobold (Sewer)
  2 bullfrogs
  A scorpion (D:5)
  A gnoll shaman (D:7)
  4 orc priests
  A bullfrog zombie (D:5)
  2 hounds
  2 jellies (D:6)
  A worker ant (D:5)
  Natasha (twice) (D:4)
  7 orc wizards
  A killer bee zombie (D:7)
  A hound zombie (D:6)
  A gnoll (D:7)
  3 adders
  A river rat (D:4)
  An ooze (D:1)
  A worm (D:5)
  A dart slug (D:1)
  2 leopard geckos (D:1)
  36 orcs
  2 ball pythons
  A bat (D:3)
  A giant cockroach (D:3)
  2 goblins
  A hobgoblin (D:1)
  5 jackals
  A quokka (D:2)
  6 kobolds
  A rat (D:4)
108 creatures vanquished.

Vanquished Creatures (others)
  A slave (D:6)
  2 orc wizards (D:6)
  An adder (D:6)
4 creatures vanquished.

Grand Total: 239 creatures vanquished

Notes
Turn   | Place    | Note
-------+----------+-------------------------------------------
     0 | D:1      | drevant the Gnoll Summoner began the quest for the Orb.
     0 | D:1      | Reached XP level 1. HP: 13/13 MP: 6/6
   200 | D:1      | Reached XP level 2. HP: 10/19 MP: 3/7
   450 | D:1      | Learned a level 2 spell: Call Imp
   952 | D:1      | Reached XP level 3. HP: 22/25 MP: 9/9
   957 | D:1      | Learned a level 3 spell: Call Canine Familiar
  1003 | D:1      | Reached skill level 5 in Spellcasting
  1495 | D:1      | Reached skill level 1 in Invocations
  2169 | D:2      | Reached skill level 1 in Fighting
  2169 | D:2      | Reached skill level 1 in Short Blades
  2169 | D:2      | Reached skill level 1 in Long Blades
  2169 | D:2      | Reached skill level 1 in Axes
  2169 | D:2      | Reached skill level 1 in Maces & Flails
  2169 | D:2      | Reached skill level 1 in Polearms
  2169 | D:2      | Reached skill level 1 in Staves
  2169 | D:2      | Reached skill level 1 in Slings
  2169 | D:2      | Reached skill level 1 in Bows
  2169 | D:2      | Reached skill level 1 in Crossbows
  2169 | D:2      | Reached skill level 1 in Throwing
  2169 | D:2      | Reached skill level 1 in Armour
  2169 | D:2      | Reached skill level 1 in Shields
  2169 | D:2      | Reached skill level 1 in Unarmed Combat
  2169 | D:2      | Reached skill level 1 in Evocations
  2171 | D:2      | Reached XP level 4. HP: 32/32 MP: 11/11
  2289 | D:2      | Reached skill level 1 in Conjurations
  2289 | D:2      | Reached skill level 1 in Hexes
  2289 | D:2      | Reached skill level 1 in Charms
  2289 | D:2      | Reached skill level 1 in Necromancy
  2289 | D:2      | Reached skill level 1 in Translocations
  2289 | D:2      | Reached skill level 1 in Transmutations
  2289 | D:2      | Reached skill level 1 in Fire Magic
  2289 | D:2      | Reached skill level 1 in Ice Magic
  2289 | D:2      | Reached skill level 1 in Air Magic
  2289 | D:2      | Reached skill level 1 in Earth Magic
  2289 | D:2      | Reached skill level 1 in Poison Magic
  2593 | D:2      | Found an iron altar of Okawaru.
  2649 | D:2      | Reached XP level 5. HP: 37/37 MP: 12/12
  2986 | D:2      | Became a worshipper of Warmaster Okawaru
  3760 | D:4      | Noticed Natasha
  3765 | D:4      | Killed Natasha
  3765 | D:4      | Reached XP level 6. HP: 26/44 MP: 9/13
  3799 | D:4      | Found a basalt altar of Yredelemnul.
  4000 | D:4      | Found an opulent altar of Gozag.
  4005 | D:4      | Found a radiant altar of Vehumet.
  4006 | D:4      | Found a stormy altar of Qazlal.
  4065 | D:4      | Noticed Natasha
  4081 | D:4      | Killed Natasha
  4081 | D:4      | Reached * piety under Okawaru
  4119 | D:4      | Got a crystal great sword
  4200 | D:4      | Found a glowing drain.
  4204 | Sewer    | Entered a sewer
  4475 | Sewer    | Reached skill level 5 in Dodging
  4638 | Sewer    | Found a white marble altar of Elyvilon.
  4710 | D:4      | Identified the +0 great sword of Etyag {holy, rF+ Int+3} (You found it on level 4 of the Dungeon)
  4974 | D:4      | Reached XP level 7. HP: 15/50 MP: 8/15
  5248 | D:4      | Noticed Natasha
  5253 | D:4      | Killed Natasha
  5288 | D:4      | Found Ketzoit's Food Shoppe.
  5457 | D:4      | Found an ancient bone altar of Kikubaaqudgha.
  5457 | D:4      | Found a shimmering altar of Xom.
  5530 | D:5      | Entered Level 5 of the Dungeon
  5625 | D:5      | Reached ** piety under Okawaru
  5804 | D:5      | Found Nis Dips's Book Boutique.
  5821 | D:5      | Reached skill level 5 in Stealth
  5944 | D:5      | Found a staircase to the Ecumenical Temple.
  6028 | D:5      | Found Niacaqud's Magic Scroll Boutique.
  6037 | D:5      | Bought a scroll of fear for 38 gold pieces
  6037 | D:5      | Bought a scroll of teleportation for 33 gold pieces
  6037 | D:5      | Bought a scroll of identify for 22 gold pieces
  6095 | D:5      | Found Ciereg's Antique Weapon Shoppe.
  6189 | D:5      | Found Perolo's Food Emporium.
  6265 | D:5      | Reached XP level 8. HP: 57/57 MP: 10/16
  6738 | D:6      | Noticed Pikel
  6760 | D:6      | Killed Pikel
  7279 | D:6      | Reached *** piety under Okawaru
  7762 | D:7      | Found Tahael's Magic Scroll Shop.
  7773 | D:7      | Bought a scroll of summoning for 133 gold pieces
  7864 | D:7      | Found a burning altar of Makhleb.
  7864 | D:7      | Noticed a cacodemon
  7891 | D:7      | Reached XP level 9. HP: 65/65 MP: 16/18
  7995 | D:7      | Found a flagged portal.
  8116 | Bailey   | Entered a bailey
  8188 | Bailey   | Learned a level 4 spell: Summon Ice Beast
  9135 | Bailey   | Reached **** piety under Okawaru
  9297 | Bailey   | Noticed Xiguana's ghost (novice GnSk)
  9403 | Bailey   | Killed Xiguana's ghost
  9403 | Bailey   | Reached skill level 8 in Summonings
  9679 | Bailey   | Found the +5 demon whip "Spellbinder" {antimagic, MR+}
 10301 | Bailey   | HP: 1/66 [centaur/javelin of returning (16)]
 10339 | Bailey   | Reached skill level 5 in Invocations
 10997 | Bailey   | Received a gift from Okawaru
 11179 | Bailey   | Hit by a javelin of returning thrown by a centaur

Vault maps used:
D:1:      minmay_arrival_stone_box
D:2:      cheibrodos_pilgrimage, okawaru_metal_pillars_1_2
D:4:      cheibrodos_barr_body, gammafunk_temple_overflow_forgotten,
          gammafunk_temple_overflow_pools, gup_sewer_entry_bowl, serial_shops,
          nicolae_shop_trees, first_bread, yredelemnul_altar_generic,
          uniq_natasha
D:5:      temple_green, serial_shops, kennysheep_mini, shop, shop_scrolls,
          nicolae_shop_behind_doors, serial_curves, eino_curves_03,
          eino_curves_04, eino_curves_02
D:6:      uniq_pikel
D:7:      makhleb_altar_promises_db, enter_bailey_8, serial_shops,
          kennysheep_little_box, grunt_livestock
Sewer:    sewer_kobolds
Bailey:   bailey_polearm_flooded_kennysheep, bailey

Skill      XL: |  1  2  3  4  5  6  7  8  9 |
---------------+----------------------------+-----
Spellcasting   | 5 6 |  6.9
Invocations    | 1 2 3 4 5 |  5.1
Fighting       | 1 2 3 4 |  4.6
Short Blades   | 1 2 3 4 |  4.6
Long Blades    | 1 2 3 4 |  4.6
Axes           | 1 2 3 4 |  4.6
Maces & Flails | 1 2 3 4 |  4.6
Polearms       | 1 2 3 4 |  4.6
Staves         | 1 2 3 4 |  4.6
Slings         | 1 2 3 4 |  4.6
Bows           | 1 2 3 4 |  4.6
Crossbows      | 1 2 3 4 |  4.6
Throwing       | 1 2 3 4 |  4.6
Armour         | 1 2 3 4 |  4.6
Shields        | 1 2 3 4 |  4.6
Unarmed Combat | 1 2 3 4 |  4.6
Evocations     | 1 2 3 4 |  4.6
Conjurations   | 1 2 3 |  3.8
Hexes          | 1 2 3 |  3.8
Charms         | 1 2 3 |  3.8
Necromancy     | 1 2 3 |  3.8
Translocations | 1 2 3 |  3.8
Transmutations | 1 2 3 |  3.8
Fire Magic     | 1 2 3 |  3.8
Ice Magic      | 1 2 3 |  3.8
Air Magic      | 1 2 3 |  3.8
Earth Magic    | 1 2 3 |  3.8
Poison Magic   | 1 2 3 |  3.8
Dodging        | 5 6 |  6.6
Stealth        | 5 6 |  6.3
Summonings     | 8 |  8.1

Action                   |  1- 3 |  4- 6 |  7- 9 || total
-------------------------+-------+-------+-------++-------
Melee: Unarmed           |    41 |       |       ||    41
       Bite              |     9 |    19 |    21 ||    49
       Mace              |    62 |    10 |       ||    72
       Falchion          |       |   112 |       ||   112
       Great sword       |       |    30 |   163 ||   193
 Cast: Summon Small Mamm |     7 |       |       ||     7
       Call Imp          |    14 |    15 |    21 ||    50
       Call Canine Famil |     1 |    13 |    37 ||    51
       Summon Ice Beast  |       |       |    48 ||    48
  Use: Scroll            |       |     8 |     3 ||    11
       Potion            |       |     1 |     3 ||     4
 Stab: Sleeping          |     9 |    12 |     3 ||    24
       Distracted        |       |       |     3 ||     3
  Eat: Chunk             |     1 |     8 |    19 ||    28
       Meat ration       |     1 |       |     1 ||     2
       Fruit             |       |       |     3 ||     3
Armor: Robe              |    17 |     5 |     6 ||    28
       Ring mail         |       |    36 |    57 ||    93
Dodge: Dodged            |    89 |   141 |   234 ||   464
       Rpst.: Falchion   |       |    27 |       ||    27
       Great sword       |       |     6 |    35 ||    41

Table legend:
 A = Spawn XP
 B = Non-spawn XP
 C = Spawn XP percentage of total XP
 D = Spawn monster count
 E = Non-spawn monster count
 F = Spawn count percentage of total count
 G = Total turns spent on level
                    A         B        C        D         E        F      G
               +---------+---------+-------+---------+---------+-------+---------
         Total |       0 |    4449 |   0.0 |       0 |     235 |   0.0 | 11179
               +---------+---------+-------+---------+---------+-------+---------
           D:1 |       0 |      61 |   0.0 |       0 |      34 |   0.0 |  1953
           D:2 |       0 |     111 |   0.0 |       0 |      25 |   0.0 |  1085
           D:3 |       0 |     131 |   0.0 |       0 |      29 |   0.0 |   721
           D:4 |       0 |     329 |   0.0 |       0 |      25 |   0.0 |  1293
           D:5 |       0 |     612 |   0.0 |       0 |      31 |   0.0 |  1208
           D:6 |       0 |     768 |   0.0 |       0 |      19 |   0.0 |   991
           D:7 |       0 |     520 |   0.0 |       0 |      25 |   0.0 |   387
         Sewer |       0 |     108 |   0.0 |       0 |      10 |   0.0 |   478
        Bailey |       0 |    1809 |   0.0 |       0 |      37 |   0.0 |  3063
               +---------+---------+-------+---------+---------+-------+---------
